 Dungeon Crawl Stone Soup version 0.20-a0-903-g7e3609c (webtiles) character file.

9892 Rrauwl the Bludgeoner (level 11, -28/141 HPs)
             Began as a Troll Berserker on Mar 21, 2017.
             Was an Elder of Trog.
             Annihilated by a stone giant (31 damage)
             ... on level 9 of the Dungeon.
             The game lasted 00:43:48 (8413 turns).

Rrauwl the Bludgeoner (Troll Berserker)             Turns: 8413, Time: 00:43:49

Health: -28/141    AC: 28    Str: 30    XL:     11   Next: 29%
Magic:  8/8        EV:  1    Int:  5    God:    Trog [****..]
Gold:   640        SH:  0    Dex: 11    Spells: 10/10 levels left

rFire    . . .     SeeInvis .   k - +0 giant spiked club
rCold    . . .     Gourm    +   (armour currently unavailable)
rNeg     + + +     Faith    .   (shield currently unavailable)
rPois    +         Spirit   .   (helmet currently unavailable)
rElec    .         Reflect  .   (cloak currently unavailable)
rCorr    .         Harm     .   (gloves unavailable)
MR       .....     Rnd*Rage +   (boots unavailable) Stlth +.........NoTele +
                                j - amulet of rage
Regen    0.8/turn               f - +3 ring of protection
MPRegen  0.2/turn               q - +6 ring of slaying

@: exhausted, tree-form, slowed, very slow
A: unfitting armour, (claws 0), agile 1, berserk 1, clever 1, fast metabolism 3,
gourmand, low mp 1, regeneration 1, (shaggy fur 0), (tough skin 0)
a: Berserk, Trog's Hand, Brothers in Arms, Burn Spellbooks, Renounce Religion,
Evoke Berserk Rage


You were on level 9 of the Dungeon.
You worshipped Trog.
Trog was greatly pleased with you.
You were not hungry.
You were a tree.
You visited 1 branch of the dungeon, and saw 10 of its levels.

You collected 640 gold pieces.

Inventory:

Hand Weapons
 a - a +1 mace
 d - the +3 spear of Symmetry {antimagic, +Fly SInv}
   (You found it on level 4 of the Dungeon)

   It reduces the magical energy of the wielder, and disrupts the spells and
   magical abilities of those hit.
   Natural abilities and divine invocations are not affected.
   It lets you see invisible.
   It lets you fly.
 k - a +0 giant spiked club (weapon)
 D - a +1 flail of crushing
 E - a +3 whip
Armour
 b - a +0 animal skin (melded)
 v - a +1 cloak (melded)
Jewellery
 f - a +3 ring of protection (right branch)
 j - an amulet of rage (around neck)
 m - an uncursed ring of wizardry
 q - a +6 ring of slaying (left branch)
 r - a +5 ring of intelligence
 s - an uncursed ring of protection from cold
 u - an uncursed ring of resist corrosion
 G - the ring of the Special Nights {Int+6 Dex+4 SInv}
   (You found it on level 10 of the Dungeon)

   [ring of see invisible]

   It affects your intelligence (+6).
   It affects your dexterity (+4).
   It lets you see invisible.
Wands
 n - a wand of enslavement (18/24)
 A - a wand of flame (21/48)
 I - a wand of disintegration (3/24)
Scrolls
 e - a scroll of teleportation
 g - a scroll of amnesia
 i - a scroll of noise
 l - a scroll of blinking
 t - a scroll of identify
Potions
 p - 4 potions of mutation
 w - a potion of brilliance
 B - 2 potions of curing
 H - a potion of magic
 J - a potion of ambrosia
Books
 y - a book of Cantrips

   Spells                             Type                      Level
   a - Confusing Touch                Hexes                        1
   b - Animate Skeleton               Necromancy                   1
   c - Summon Small Mammal            Summoning                    1
   d - Apportation                    Translocation                1
   Trog disapproves of the use of such an item.
Miscellaneous
 C - a lightning rod (4/4)
Comestibles
 c - 8 bread rations
 h - 4 meat rations
 o - 7 royal jellies


   Skills:
 - Level 2.4 Fighting
 + Level 15.6 Maces & Flails
 - Level 2.4 Dodging


You had 10 spell levels left.
You didn't know any spells.

Dungeon Overview and Level Annotations

Branches:
Dungeon (10/15)            Temple (0/1) D:4            Lair (0/6) D:8
    Orc (0/2) D:9

Altars:
Cheibriados
Gozag
Hepliaklqana
Makhleb
Okawaru
Wu Jian
Yredelemnul
The Shining One


Innate Abilities, Weirdness & Mutations

You are too large for most types of armour.
((You have claws for hands.))
Your metabolism is lightning-fast.
You like to eat raw meat.
Your natural rate of healing is unusually fast.
((You are covered in fur. (AC +1)))
((You have very tough skin. (AC +2)))
You are agile. (Dex +2)
You tend to lose your temper in combat.
Your mind is acute. (Int +2)
Your magical capacity is low. (-10% MP)


Message History

Trog accepts your kill.
The ice dragon scales are intact enough to wear.
The stone giant hits you but does no damage.
Unknown command.
You puncture the stone giant!
The stone giant is lightly wounded.
The stone giant hits you but does no damage.
The stone giant hits you!!
* * * LOW HITPOINT WARNING * * *
Unknown command.
You crush the stone giant like a grape!!!
The stone giant is heavily wounded.
The stone giant hits you!!
* * * LOW HITPOINT WARNING * * *
The stone giant hits you but does no damage.
You sock the stone giant!
The stone giant is severely wounded.
You feel a little less mighty now. The stone giant hits you!!
You die...

...###.# #.# #...#
#.......#. ##.# #.# #.#
##[## #.....<... #.# #.#
##### #.# #[........ #.#
#.###:[#######
#......#.#
#.###.##=gk##...#
#.....##.#
#.....##)eC#.##D####
#..#####.#
#####..####D###.#..#
#..# #.#
#.####.###C###.#
#..#####.# #.#
#.###..♣##.# #.........
#.# #.##..#....#
##.######. #.#
#...#...#..# #.####...
#.#
##########.#####......#<
#.# #.....##.........
#.#
#######.###.##...######
#.# #.......# #...<..#
#.# #.#####.###[###..#
#.####.# #..........#


You could see a stone giant.

Vanquished Creatures
  An ogre mage (D:9)
  An ice dragon (D:9)
  The ghost of mora the Basher, a novice OgBe of Trog (D:9)
  An unseen horror (D:10)
  An obsidian statue (D:10)
  An ugly thing (D:10)
  A wolf spider (D:9)
  An ice statue (D:10)
  A guardian serpent (shapeshifter) (D:9)
  A troll (D:10)
  A hippogriff (D:9)
  Grinder (D:5)
  A spriggan (D:7)
  Sigmund (D:2)
  4 yaks (D:9)
  A wyvern (D:9)
  A water moccasin (D:10)
  An orc warrior (D:10)
  4 sky beasts
  2 necrophages (D:8)
  3 ogres
  A centaur (D:9)
  A crocodile (D:8)
  5 bullfrogs
  2 scorpions
  4 howler monkeys
  3 wights (D:6)
  A centaur zombie (D:6)
  4 crimson imps
  A quasit (D:10)
  2 jellies
  2 bullfrog skeletons
  4 bullfrog zombies
  A gnoll shaman (D:4)
  3 hounds
  9 orc priests
  3 iguanas
  13 orc wizards
  6 worker ants
  A killer bee zombie (D:9)
  A hound zombie (D:8)
  A hound skeleton (D:8)
  10 adders
  3 gnolls (D:4)
  2 shadow imps
  An ooze (D:2)
  5 adder skeletons
  A dart slug (D:1)
  6 leopard geckos
  28 orcs
  2 ball pythons
  6 giant cockroaches
  6 goblins
  5 hobgoblins
  10 jackals
  8 quokkas
  4 bats
  4 frilled lizards
  A jackal skeleton (D:4)
  3 kobolds
  A quokka skeleton (D:6)
  A rat (D:2)
205 creatures vanquished.

Vanquished Creatures (collateral kills)
  2 hell hounds (D:8)
  An orc warrior (D:8)
  A big kobold (D:8)
  3 killer bees (D:7)
  A giant cockroach (D:8)
  2 kobolds (D:8)
10 creatures vanquished.

Grand Total: 215 creatures vanquished

Notes
Turn   | Place    | Note
-------+----------+-------------------------------------------
     0 | D:1      | Rrauwl the Troll Berserker began the quest for the Orb.
     0 | D:1      | Reached XP level 1. HP: 22/22 MP: 0/0
   211 | D:1      | Reached skill level 3 in Maces & Flails
   342 | D:1      | Reached XP level 2. HP: 29/29 MP: 1/1
   894 | D:2      | Noticed Sigmund
   909 | D:2      | Killed Sigmund
   909 | D:2      | Reached skill level 5 in Maces & Flails
   909 | D:2      | Reached XP level 3. HP: 15/36 MP: 2/2
   909 | D:2      | Reached XP level 4. HP: 19/44 MP: 3/3
   909 | D:2      | Reached XP level 5. HP: 21/50 MP: 4/4
  1096 | D:2      | Reached ** piety under Trog
  1527 | D:2      | Found a faded altar of an unknown god.
  1796 | D:3      | Found an ornate altar of the Wu Jian Council.
  1796 | D:3      | Found a snail-covered altar of Cheibriados.
  2047 | D:3      | Gained mutation: Your mind is acute. (Int +2) [potion of mutation]
  2047 | D:3      | Gained mutation: Your magical capacity is low. (-10% MP) [potion of mutation]
  2047 | D:3      | Gained mutation: You are agile. (Dex +2) [potion of mutation]
  2249 | D:3      | Reached skill level 6 in Maces & Flails
  2405 | D:3      | Reached XP level 6. HP: 59/59 MP: 4/4
  2566 | D:4      | Got a dazzling spear
  2567 | D:4      | Identified the +3 spear of Symmetry {antimagic, +Fly SInv} (You found it on level 4 of the Dungeon)
  2574 | D:4      | Found a staircase to the Ecumenical Temple.
  2796 | D:4      | Reached skill level 7 in Maces & Flails
  2907 | D:4      | Reached XP level 7. HP: 66/66 MP: 5/5
  3145 | D:4      | Reached *** piety under Trog
  3145 | D:4      | Reached skill level 8 in Maces & Flails
  3198 | D:4      | Found a burning altar of Makhleb.
  3348 | D:5      | Entered Level 5 of the Dungeon
  3533 | D:5      | Noticed Grinder
  3548 | D:5      | Reached skill level 9 in Maces & Flails
  3548 | D:5      | Reached XP level 8. HP: 42/74 MP: 6/6
  3556 | D:5      | Killed Grinder
  4120 | D:6      | Reached skill level 10 in Maces & Flails
  4613 | D:7      | Reached **** piety under Trog
  4656 | D:7      | Reached skill level 11 in Maces & Flails
  4660 | D:7      | Reached XP level 9. HP: 71/80 MP: 7/7
  5073 | D:7      | Found a basalt altar of Yredelemnul.
  5177 | D:7      | Found a faded altar of an unknown god.
  5177 | D:7      | Found a faded altar of an unknown god.
  5190 | D:7      | Found an iron altar of Okawaru.
  5192 | D:7      | Found a glowing golden altar of the Shining One.
  5194 | D:7      | Found a hazy altar of Hepliaklqana.
  5638 | D:8      | Found a staircase to the Lair.
  5727 | D:8      | Found an opulent altar of Gozag.
  5738 | D:8      | Reached skill level 12 in Maces & Flails
  6525 | D:9      | Noticed a stone giant
  6526 | D:9      | Noticed an ice dragon
  6527 | D:9      | Found a runed door.
  6529 | D:9      | Noticed a deep elf archer
  6529 | D:9      | Noticed an ogre mage
  6529 | D:9      | Noticed a wolf spider
  6666 | D:9      | Reached skill level 13 in Maces & Flails
  6792 | D:9      | Reached XP level 10. HP: 83/88 MP: 8/8
  6817 | D:9      | Noticed mora's ghost (novice OgBe)
  6827 | D:9      | Killed mora's ghost
  7044 | D:9      | Found a staircase to the Orcish Mines.
  7198 | D:10     | Entered Level 10 of the Dungeon
  7343 | D:10     | Reached skill level 14 in Maces & Flails
  7416 | D:10     | Got a faintly glowing lead ring
  7418 | D:10     | Identified the ring of the Special Nights {Int+6 Dex+4 SInv} (You found it on level 10 of the Dungeon)
  7469 | D:10     | Noticed a red ugly thing
  7482 | D:10     | Killed a red ugly thing
  7726 | D:10     | Noticed an unseen horror
  7737 | D:10     | Killed an unseen horror
  7898 | D:10     | Noticed an ice statue
  8026 | D:10     | Noticed an obsidian statue
  8032 | D:10     | Gained mutation: You tend to lose your temper in combat. [a neqoxec]
  8051 | D:10     | Noticed a rust devil
  8052 | D:10     | Noticed a sun demon
  8057 | D:10     | Killed an obsidian statue
  8175 | D:10     | Killed an ice statue
  8175 | D:10     | Reached skill level 15 in Maces & Flails
  8175 | D:10     | Reached XP level 11. HP: 94/94 MP: 8/8
  8382 | D:9      | Noticed a lindwurm
  8382 | D:9      | a faun changed into a lindwurm
  8388 | D:9      | Killed an ogre mage
  8390 | D:9      | Killed a wolf spider
  8410 | D:9      | Killed an ice dragon
  8412 | D:9      | HP: 2/141 [stone giant (19)]
  8413 | D:9      | Annihilated by a stone giant

Vault maps used:
D:1:      dpeg_arrival_pits, st_stairs_7
D:2:      chequers_ecumenical_altar_twisty,
          hangedman_abyss_or_decor_lesser_grid, uniq_sigmund
D:3:      chequers_temple_overflow_statue_of_worship
D:4:      marbit_many_paths, minmay_temple_entry_grid, hangedman_decor_opposing
D:5:      first_bread, uniq_grinder
D:7:      chequers_temple_overflow_minitemple, basic_altar, the_bakery
D:8:      minmay_lair_entry_lava, nicolae_gozag_cash_rules_everything_around_me
D:9:      minmay_gate_of_8, orc_0_dummy
D:10:     minmay_separated_statues

Skill      XL: |  1  2  3  4  5  6  7  8  9 10 |
---------------+-------------------------------+-----
Maces & Flails | 3 5 6 7 9 11 13 15 | 15.6
Fighting       | |  2.4
Dodging        | |  2.4

Action                   |  1- 3 |  4- 6 |  7- 9 | 10-12 || total
-------------------------+-------+-------+-------+-------++-------
Melee: Mace              |    71 |   232 |   260 |       ||   563
       Hand crossbow     |       |       |   176 |       ||   176
       Giant spiked club |       |       |    71 |    83 ||   154
       Flail             |       |       |       |    56 ||    56
       Whip              |       |       |       |     9 ||     9
Invok: Trog's Hand       |       |     1 |     2 |     1 ||     4
       Berserk           |       |     2 |    10 |     5 ||    17
       Brothers in Arms  |       |       |     3 |     1 ||     4
       Burn Spellbooks   |       |       |     2 |       ||     2
  Use: Potion            |     1 |     5 |     6 |     2 ||    14
       Scroll            |       |     4 |     4 |     3 ||    11
 Stab: Invisible         |     2 |       |       |       ||     2
       Sleeping          |       |     1 |     2 |       ||     3
  Eat: Chunk             |    12 |    22 |    44 |    16 ||    94
       Meat ration       |       |       |     1 |       ||     1
Armor: Animal skin       |    40 |   124 |   198 |    36 ||   398
       Skin              |       |       |    37 |    19 ||    56
Dodge: Dodged            |    52 |   145 |   256 |    46 ||   499
